 Dungeon Crawl Stone Soup version 0.31-b1-17-gcfd88c8481 (webtiles) character file.

Game seed: 10257105279105056572

1436 monsoonserge the Shield-Bearer (level 9, -1/141 HPs)
             Began as a Djinni Fire Elementalist on Jan 15, 2024.
             Slain by a troll (13 damage)
             ... on level 6 of the Dungeon.
             The game lasted 00:16:43 (3902 turns).

monsoonserge the Shield-Bearer (DjFE)               Turns: 3902, Time: 00:16:43

Health: -1/141     AC: 28    Str:  9    XL:     9   Next: 3%
Gold:   286        EV:  2    Int: 19    God:
                   SH:  5    Dex: 14

rFire   . . .        g - +1 whip (elec)
rCold   . . .        x - +0 buckler
rNeg    . . .        a - melded +0 robe
rPois   ∞            (helmet currently unavailable)
rElec   .            (cloak currently unavailable)
rCorr   .            (gloves currently unavailable)
SInv    .            (boots unavailable)
Will    +....        i - amulet of regeneration Stlth
                     q - ring of willpower
HPRegen 1.23/turn    r - +4 ring of protection
MPRegen 0.00/turn

%: infuse magic (-2 HP)
@: mighty, brilliant, berserking, tree-form, very quick
A: stationary, stasis, torment immunity, boosted hp, sickness immunity, (fire
resistance 2), (cold vulnerability 1), float, innate caster, HP casting, extra
vitality 1
a: no special abilities


You were on level 6 of the Dungeon.
You were a tree.
You visited 1 branch of the dungeon, and saw 6 of its levels.

You collected 286 gold pieces.

Inventory:

Hand Weapons
 g - a +1 whip of electrocution (weapon)
 o - a +1 dagger of flaming
 y - a +1 whip of freezing
Missiles
 l - 10 poisoned darts (quivered)
 B - a boomerang
Armour
 a - a +0 robe (melded)
 b - a +0 ring mail
 x - a +0 buckler (worn)
Jewellery
 i - an amulet of regeneration (around neck)
 q - a ring of willpower (left branch)
 r - a +4 ring of protection (right branch)
Talismans
 m - a beast talisman
Wands
 w - a wand of mindburst (11)
Scrolls
 c - 3 scrolls of teleportation {unknown}
 j - 4 scrolls of fog {unknown}
 k - 4 scrolls of identify {unknown}
 n - a scroll of immolation {unknown}
 s - 2 scrolls of amnesia {unknown}
 t - 2 scrolls of blinking {unknown}
 u - a scroll of noise {unknown}
 A - a scroll of vulnerability {unknown}
 D - a scroll of enchant weapon {unknown}
Potions
 d - a potion of curing
 f - a potion of lignification
 h - a potion of might
 v - a potion of heal wounds {unknown}
 z - a potion of resistance {unknown}
 C - a potion of haste {unknown}


   Skills:
 * Level 4.4 Fighting
 + Level 0.1 Maces & Flails
 + Level 1.0 Throwing
 + Level 3.6 Dodging
 - Level 2.0 Stealth
 + Level 6.2 Shields
 + Level 5.5 Spellcasting
 + Level 5.5 Conjurations
 + Level 5.5 Hexes
 + Level 5.5 Summonings
 + Level 5.5 Necromancy
 + Level 5.5 Translocations
 + Level 5.5 Fire Magic
 + Level 5.5 Ice Magic
 + Level 5.5 Air Magic
 + Level 5.5 Earth Magic
 + Level 5.5 Alchemy


You knew the following spells:

 Your Spells              Type           Power      Damage    Failure   Level
a - Foxfire               Conj/Fire      100%       2x1d9     1%          1
b - Scorch                Fire           78%        2d8       2%          2
c - Volatile Blastmotes   Fire/Tloc      78%        2d16      5%          3
d - Inner Flame           Hex/Fire       39%        N/A       5%          3
e - Flame Wave            Conj/Fire      39%        2d11      17%         4
f - Apportation           Tloc           78%        N/A       1%          1
g - Searing Ray           Conj           78%        2d7       2%          2
h - Static Discharge      Conj/Air       78%        3-7/arc   2%          2
i - Ozocubu's Armour      Ice            39%        N/A       5%          3
Your spell library was empty.

Dungeon Overview and Level Annotations

Branches:
Dungeon (6/15)
 Temple: D:4-7

Altars:

Shops:
D:1 :

Annotations:
D:5 1 runed translucent door, Arctor's ghost, novice GnSh


Innate Abilities, Weirdness & Mutations

You are a tree.
Your roots penetrate the ground, keeping you stationary.
You cannot be teleported.
You are immune to unholy pain and torment.
Your maximum health is greatly increased.
Your equipment is partially melded.
You are immune to sickness and miasma.
You are immune to poison.
((Your flesh is very heat resistant. (rF++)))
((You are vulnerable to cold. (rC-)))
You float through the air rather than walking.
You learn spells naturally, not from books.
Your magical power is your life essence.
You have superior vitality. (+4 MHP)


Message History

It was a potion of curing.
You feel better. The wight hits you with a +4 trident!
* * * LOW HITPOINT WARNING * * *
You block the wight's attack.
It was a potion of brilliance.
You feel clever all of a sudden.
The wight hits you but does no damage. x2
It was a potion of berserk rage.
A red film seems to cover your vision as you go berserk!
You feel yourself moving faster!
You feel mighty!
The wight hits you but does no damage. x2
You barely miss the wight.
The wight is severely damaged.
Unknown command.
You whack the wight!
You destroy the wight!
The wight hits you but does no damage.
Unknown command.
Unknown command.
Unknown command.
You hit the wight but do no damage.
The wight is severely damaged.
The wight hits you but does no damage. x2
You whack the wight!
You destroy the wight!
The wight hits you but does no damage. You block the wight's attack.
You have reached level 9!
Your experience leads to an increase in your attributes!
Increase (S)trength, (I)ntelligence, or (D)exterity?
You feel stronger. x2
The power to cast Ozocubu's Armour wells up from within.
Spell assigned to 'i'.
Welcome back, monsoonserge the Djinni Fire Elementalist.
Press ? for a list of commands and other information.
You hit the troll.
The troll is lightly wounded.
The wight hits you from afar with a +4 trident.
* * * LOW HITPOINT WARNING * * *
The wight hits you but does no damage. x2; The troll bites you!
You die...

# ..hz. ... ..T
##h..#.###
....zz...#
##....z#.# #
#...###.##.#
.......zzz..#
(###.###T#### #♣#
#.# #.# #. #.### #.
#...# #. ###.#
#.##########.###
#....(.........#
#.###..##.###.##.#.#


You could see a troll and 3 wights.

Vanquished Creatures
  Pikel (D:4)
  Sigmund (D:4)
  A water moccasin (D:5)
  A black bear (D:5)
  An orc warrior (D:5)
  An ogre (D:6)
  2 wights (D:6)
  2 scorpions (D:6)
  A hound (D:6)
  Natasha (twice) (D:4)
  2 iguanas
  6 adders
  3 ribbon worms
  3 dart slugs (D:1)
  An orc (D:3)
  2 bats
  11 endoplasms
  A giant cockroach (D:3)
  6 goblins
  9 hobgoblins
  A quokka (D:4)
  6 ball pythons
  4 frilled lizards (D:1)
  6 kobolds
  4 rats
78 creatures vanquished.

Vanquished Creatures (others)
  104 foxfires
104 creatures vanquished.

Grand Total: 182 creatures vanquished

Notes
Turn   | Place    | Note
-------+----------+-------------------------------------------
     0 | D:1      | monsoonserge the Djinni Fire Elementalist began the quest
                  | for the Orb.
     0 | D:1      | monsoonserge set off with the following spells memorised:
                  | Foxfire, Scorch, Volatile Blastmotes, Inner Flame, Flame
                  | Wave.
     0 | D:1      | Reached XP level 1. HP: 15/15 MP: 0/0
   138 | D:1      | Reached XP level 2. HP: 20/21 MP: 0/0
   247 | D:1      | Found Onweuvuk's Book Shop.
   658 | D:1      | Reached XP level 3. HP: 25/25 MP: 0/0
   658 | D:1      | Learned a level 1 spell: Apportation
  1565 | D:3      | Reached XP level 4. HP: 30/31 MP: 0/0
  2133 | D:4      | Noticed Natasha
  2136 | D:4      | Killed Natasha
  2137 | D:4      | Reached XP level 5. HP: 32/35 MP: 0/0
  2137 | D:4      | Learned a level 2 spell: Searing Ray
  2423 | D:4      | Noticed Natasha
  2430 | D:4      | Killed Natasha
  2431 | D:4      | Reached skill level 1 in Shields
  2526 | D:4      | Noticed Sigmund
  2526 | D:4      | Noticed Pikel
  2526 | D:4      | Noticed a lemure
  2526 | D:4      | Noticed a lemure
  2526 | D:4      | Noticed a lemure
  2527 | D:4      | Noticed a lemure
  2588 | D:4      | Killed Sigmund
  2589 | D:4      | Reached skill level 3 in Shields
  2589 | D:4      | Reached XP level 6. HP: 38/40 MP: 0/0
  2594 | D:4      | Killed Pikel
  2595 | D:4      | Reached skill level 5 in Shields
  2595 | D:4      | Reached skill level 5 in Spellcasting
  2595 | D:4      | Reached skill level 5 in Conjurations
  2595 | D:4      | Reached skill level 5 in Hexes
  2595 | D:4      | Reached skill level 5 in Summonings
  2595 | D:4      | Reached skill level 5 in Necromancy
  2595 | D:4      | Reached skill level 5 in Translocations
  2595 | D:4      | Reached skill level 5 in Fire Magic
  2595 | D:4      | Reached skill level 5 in Ice Magic
  2595 | D:4      | Reached skill level 5 in Air Magic
  2595 | D:4      | Reached skill level 5 in Earth Magic
  2595 | D:4      | Reached skill level 5 in Alchemy
  2595 | D:4      | Reached XP level 7. HP: 42/45 MP: 0/0
  2595 | D:4      | Learned a level 2 spell: Static Discharge
  2595 | D:4      | Reached XP level 8. HP: 47/50 MP: 0/0
  2899 | D:5      | Entered Level 5 of the Dungeon
  3049 | D:5      | Reached skill level 6 in Shields
  3092 | D:5      | Found a runed translucent door.
  3092 | D:5      | Noticed Arctor's ghost (novice GnSh)
  3214 | D:5      | Reached skill level 1 in Fighting
  3761 | D:6      | Reached skill level 1 in Throwing
  3882 | D:6      | Noticed a troll
  3895 | D:6      | HP: 3/87 [wight/+4 trident (13)]
  3902 | D:6      | Reached XP level 9. HP: 13/63 MP: 0/0
  3902 | D:6      | Learned a level 3 spell: Ozocubu's Armour
  3902 | D:6      | Slain by a troll

Illustrated notes

Levels and vault maps discovered:
D:1:      dpeg_arrival_shrine, layout_basic, serial_shops, nicolae_shop_trees,
          patterned_corridor
D:2:      layout_loops_corners, kennysheep_generic_room_13
D:3:      layout_loops_ring
D:4:      layout_loops_ring, uniq_sigmund, uniq_natasha, uniq_pikel
D:5:      layout_basic, hellmonk_ghost_happy_afterlife,
          kennysheep_generic_room_2
D:6:      layout_loops_ring

Skill      XL: |  1  2  3  4  5  6  7  8 |
---------------+-------------------------+-----
Stealth        | 2 |  2.0
Spellcasting   | 4 5 |  5.5
Conjurations   | 4 5 |  5.5
Hexes          | 4 5 |  5.5
Summonings     | 4 5 |  5.5
Necromancy     | 4 5 |  5.5
Translocations | 4 5 |  5.5
Fire Magic     | 4 5 |  5.5
Ice Magic      | 4 5 |  5.5
Air Magic      | 4 5 |  5.5
Earth Magic    | 4 5 |  5.5
Alchemy        | 4 5 |  5.5
Dodging        | 3 |  3.6
Shields        | 3 5 6 |  6.2
Fighting       | 4 |  4.4
Throwing       | 1 |  1.0
Maces & Flails | |  0.1

Action                     |  1- 3 |  4- 6 |  7- 9 || total
---------------------------+-------+-------+-------++-------
  Melee: Whip              |       |       |     6 ||     6
  Throw: Dart              |       |       |     4 ||     4
   Cast: Foxfire           |    49 |     6 |     8 ||    63
         Scorch            |    15 |    39 |    24 ||    78
         Searing Ray       |       |     3 |     1 ||     4
         Volatile Blastmot |       |     3 |     1 ||     4
    Use: Potion            |       |       |     5 ||     5
 Armour: Robe              |     7 |     8 |    16 ||    31
         Skin              |       |       |    15 ||    15
  Dodge: Dodged            |     1 |     8 |     4 ||    13
  Block: Buckler           |       |     2 |     7 ||     9
